 Dungeon Crawl Stone Soup version 0.27-a0-1416-g941b2bd30b (webtiles) character file.

Game seed: 14827031750619154099

40 kae the Chopper (level 3, 0/33 HPs)
             Began as a Hill Orc Fighter on July 1, 2021.
             Killed from afar by an orc wizard (7 damage)
             ... with a puff of flame
             ... on level 2 of the Dungeon.
             The game lasted 00:00:54 (828 turns).

kae the Chopper (Hill Orc Fighter)                   Turns: 828, Time: 00:00:54

Health: 0/33       AC:  6    Str: 19    XL:     3   Next: 50%
Magic:  3/3        EV:  7    Int:  8    God:
Gold:   12         SH:  9    Dex: 10    Spells: 2/2 levels left

rFire    . . .     SeeInvis .   a - +0 war axe
rCold    . . .     Faith    .   c - +0 kite shield
rNeg     . . .     Spirit   .   b - +0 scale mail
rPois    .         Reflect  .   (no helmet)
rElec    .         Harm     .   (no cloak)
rCorr    .         Rampage  .   (no gloves)
Will     .....                  (no boots)
Stlth    ..........             (no amulet)
HPRegen  0.11/turn              (no ring)
MPRegen  0.08/turn              (no ring)

@: no status effects
A: no striking features
a: no special abilities


You were on level 2 of the Dungeon.
You visited 1 branch of the dungeon, and saw 2 of its levels.

You collected 54 gold pieces.
You spent 42 gold pieces at shops.

Inventory:

Hand Weapons
 a - a +0 war axe (weapon)
Armour
 b - a +0 scale mail (worn)
 c - a +0 kite shield (worn)
Scrolls
 g - a scroll of identify
 i - a scroll of noise
Potions
 d - a potion of might
 e - 2 potions of curing


   Skills:
 + Level 4.2 Fighting
 * Level 4.4 Axes
 - Level 3.2 Armour
 - Level 3.2 Shields


You had 2 spell levels left.
You didn't know any spells.
Your spell library was empty.

Dungeon Overview and Level Annotations

Branches:
Dungeon (2/15)

Altars:

Shops:
D:1 ((?


Message History

You are confused.
The orc hits you with a +0 club.
You completely miss something. You barely miss the orc.
The orc hits you but does no damage.
You're too confused to move!
Something hits you but does no damage. The orc hits you but does no damage. x2
You bump into the rock wall.
The orc hits you with a +0 club. x2
Something hits you.
You closely miss something. You closely miss the orc. You hit the orc.
You feel less confused.
You hear some strange, mumbled words.
You are confused.
The orc hits you with a +0 club. Something hits you but does no damage.
You closely miss something. You miss the orc. You slash the orc!
You kill the orc!
The orc hits you but does no damage. Something hits you.
The orc barely misses you.
You bump into the rock wall.
The orc closely misses you.
You hear some strange, mumbled words.
Something tries to affect you, but you resist.
The orc hits you but does no damage.
You closely miss something. You barely miss the orc. You closely miss the orc.
The orc barely misses you. Something hits you but does no damage.
The orc barely misses you. Something hits you but does no damage.
The orc barely misses you.
You bump into the rock wall.
You feel less confused. The orc hits you with a +0 falchion.
The orc hits you but does no damage.
You hear some strange, mumbled words.
A magic dart appears from out of thin air!
The magic dart hits you!
You slash something! You hit the orc. You hit the orc but do no damage.
The orc closely misses you. You block the orc's attack.
Something hits you but does no damage. The orc hits you with a +0 falchion.
* * * LOW HITPOINT WARNING * * *
You miss something.
You hit the orc. x2; You block the orc's attack.
You hear some strange, mumbled words.
A puff of flame appears from out of thin air!
The puff of flame hits you!
You die...

.. ..#... .. .....# #.#
#.... #.# ##...# ## #.#
#o... ..# #.# ##.#.#
...####.#####..#o#
#.............o@#
###..........(#{#
#.....†....†)......
.###...........#....).
...<._..#.####.#.......
.#####.<...# ..#......?
#.#.#..#..#.......
..................
...######..# ....


You could see 2 orcs.

Vanquished Creatures
  An adder (D:2)
  An orc (D:2)
  2 ball pythons
  3 endoplasms (D:1)
  2 giant cockroaches (D:1)
  2 goblins
  3 hobgoblins
  4 kobolds (D:1)
  2 bats (D:1)
  4 frilled lizards (D:1)
  4 rats
28 creatures vanquished.

Notes
Turn   | Place    | Note
-------+----------+-------------------------------------------
     0 | D:1      | kae the Hill Orc Fighter began the quest for the Orb.
     0 | D:1      | Reached XP level 1. HP: 19/19 MP: 1/1
   114 | D:1      | Found Daogg's Weapon Shoppe.
   128 | D:1      | Reached XP level 2. HP: 25/27 MP: 2/2
   595 | D:1      | Found Zukeoss's Weapon Boutique.
   637 | D:1      | Found Kossocso's Magic Scroll Shop.
   681 | D:1      | Bought a scroll of identify for 28 gold pieces
   681 | D:1      | Bought a scroll of noise for 14 gold pieces
   755 | D:2      | Found a faded altar of an unknown god.
   760 | D:2      | Reached XP level 3. HP: 30/33 MP: 3/3
   828 | D:2      | Killed from afar by an orc wizard

Illustrated notes

Levels and vault maps discovered:
D:1:      minmay_arrival_nine_rooms, layout_rooms, serial_shops,
          nicolae_shop_statue_plus, shop, nicolae_square_shop
D:2:      layout_rooms, basic_ecumenical_altar

Skill      XL: |  1  2 |
---------------+-------+-----
Axes           | 3 4 |  4.4
Fighting       | 4 |  4.2
Armour         | |  3.2
Shields        | |  3.2

Action                   || total
-------------------------++-------
Melee: War axe           ||    74
  Use: Scroll            ||     3
Armor: Scale mail        ||    49
Dodge: Dodged            ||    26
Block: Kite shield       ||    33

Table legend: (Time is in decaauts)
 A = Elapsed time spent in this place.
 B = Non-inter-level travel time spent in this place.
 C = Inter-level travel time spent in this place.
 D = Time resting spent in this place.
 E = Time spent auto-exploring this place.
 F = Levels seen in this place.
 G = Mean time per level.
                   A        B        C        D        E       F      G
               +--------+--------+--------+--------+--------+-----+--------+
         Total |    867 |    847 |     20 |      0 |    664 |   2 |  433.5 |
       Dungeon |    867 |    847 |     20 |      0 |    664 |   2 |  433.5 |
               +--------+--------+--------+--------+--------+-----+--------+

Top non-repeatable levels by time:
     D:1: 784 daAuts
     D:2: 83 daAuts
